 Dungeon Crawl Stone Soup version 0.30-a0-122-g2a1322497e (webtiles) character file.

Game seed: 3614223781861439426

450218 Flugkiller the Warrior (level 21, -3/189 HPs)
             Began as a Demigod Delver on Sept 16, 2022.
             Engulfed by a golden dragon's poison gas (6 damage)
             ... on level 5 of the Vaults.
             The game lasted 01:31:41 (46994 turns).

Flugkiller the Warrior (Demigod Delver)            Turns: 46994, Time: 01:31:42

Health: -3/189     AC: 34    Str: 25    XL:     21   Next: 89%
Magic:  31/40      EV: 19    Int: 26    God:
Gold:   3358       SH: 18    Dex: 23    Spells: 26/40 levels left

rFire   + + .      SeeInvis +    H - +7 demon trident (freeze)
rCold   + . .      Faith    .    w - +1 kite shield {reflect}
rNeg    . . .      Spirit   .    C - +4 plate armour {rF+}
rPois   .          Reflect  +    O - +2 hat {Will+}
rElec   .          Harm     .    U - +2 cloak {rC+}
rCorr   +          Rampage  .    T - +2 pair of gloves of the Tuna {+Blink rF+ rCorr}
Will    +++..                    x - +0 pair of boots
Stlth   ..........               N - amulet of regeneration
HPRegen 1.21/turn                G - ring of the Octopus King {HP+2 AC+2 EV+2 SH+2 SInv}
MPRegen 0.27/turn                Z - +6 ring of intelligence

@: lethally poisoned (-3 -> -16), death channelling, on berserk cooldown,
slowed, studying Polearms, very slow
A: high MP 1, forlorn, divine attributes, horns 1, talons 2, wild magic 1
}: 3/15 runes: barnacled, silver, gossamer
a: Evoke Blink


You were on level 5 of the Vaults.
You visited 7 branches of the dungeon, and saw 39 of its levels.
You visited the Abyss 1 time.
You also visited: Sewer, Gauntlet, Ice Cave and Volcano.

You collected 5623 gold pieces.
You spent 2265 gold pieces at shops.

Inventory:

Hand Weapons
 H - a +7 demon trident of freezing (weapon)
   (You bought it in a shop on level 4 of the Dungeon)
Missiles
 I - 3 throwing nets
 L - 10 curare-tipped darts
 Y - 21 silver javelins (quivered)
Armour
 u - a +2 helmet
   (You found it on level 2 of the Dungeon)
 w - a +1 kite shield of reflection (worn)
   (You found it on level 3 of the Shoals)
 x - a +0 pair of boots (worn)
   (You found it on level 4 of the Dungeon)
 C - a +4 plate armour of fire resistance (worn)
   (You found it in a volcano)
 O - a +2 hat of willpower (worn)
   (You took it off Gastronok on level 2 of the Lair of Beasts)
 T - the +2 pair of gloves of the Tuna (worn) {+Blink rF+ rCorr}
   (You found it in a Gauntlet)

   rF:        It protects you from fire.
   +Blink:    It lets you blink.
   rCorr:     It protects you from acid and corrosion.
 U - a +2 cloak of cold resistance (worn)
   (You found it in an ice cave)
 V - the +2 cloak of Wusikkupp {Fly SInv}
   (You found it on level 4 of the Lair of Beasts)

   SInv:      It lets you see invisible.
   Fly:       It grants you flight.
Jewellery
 k - a +6 ring of strength
   (You found it on level 10 of the Dungeon)
 m - a ring of willpower
   (You took it off a merfolk siren on level 4 of the Shoals)
 o - a ring of poison resistance
   (You bought it in a shop on level 5 of the Dungeon)
 p - a ring of protection from fire
   (You took it off a spriggan air mage on level 1 of the Depths)
 v - a +4 ring of evasion
   (You found it on level 1 of the Dungeon)
 B - an amulet of the acrobat
   (You found it on level 4 of the Depths)
 G - a ring of the Octopus King (left hand) {HP+2 AC+2 EV+2 SH+2 SInv}
   (You bought it in a shop on level 1 of the Shoals)

   [ring of see invisible]

   AC:        It affects your AC (+2).
   EV:        It affects your evasion (+2).
   HP:        It affects your health (+2).
   SInv:      It lets you see invisible.
   SH:        It affects your SH (+2).
 N - an amulet of regeneration (around neck)
   (You found it on level 2 of the Dungeon)
 Z - a +6 ring of intelligence (right hand)
   (You took it off a minotaur in a Gauntlet)
Wands
 f - a wand of digging (19)
 A - a wand of charming (10)
   (You found it on level 5 of the Dungeon)
 P - a wand of mindburst (24)
   (You found it on level 7 of the Dungeon)
 R - a wand of roots (2)
   (You found it on level 9 of the Dungeon)
Scrolls
 b - 6 scrolls of fog
 c - 4 scrolls of magic mapping
 j - 2 scrolls of immolation
 l - 7 scrolls of vulnerability
 r - 25 scrolls of identify
 s - a scroll of summoning
 t - 4 scrolls of teleportation
 y - 5 scrolls of fear
 W - 2 scrolls of enchant armour
Potions
 a - 16 potions of attraction
 d - 4 potions of might
 e - 4 potions of berserk rage
 g - 2 potions of cancellation
 h - 13 potions of haste
 i - a potion of magic
 n - 4 potions of resistance
 D - 4 potions of invisibility
 E - a potion of ambrosia
 F - 7 potions of brilliance
 K - a potion of mutation
 Q - 2 potions of flight
Miscellaneous
 J - a phantom mirror
   (You found it on level 4 of the Lair of Beasts)
 M - a box of beasts
   (You found it on level 4 of the Shoals)
 S - a lightning rod (4/4)
   (You found it on level 4 of the Depths)
 X - a condenser vane (inert)
   (You found it on level 5 of the Lair of Beasts)


   Skills:
 + Level 15.8 Fighting
 - Level 14.0 Polearms
 - Level 6.4 Throwing
 + Level 15.5 Armour
 + Level 15.6 Dodging
 - Level 4.5 Stealth
 - Level 15.0 Shields
 - Level 4.1 Unarmed Combat
 - Level 10.0 Spellcasting
 + Level 9.7 Summonings
 - Level 15.0 Necromancy
 - Level 8.0 Earth Magic
 - Level 9.0 Evocations


You had 26 spell levels left.
You knew the following spells:

 Your Spells              Type           Power      Damage    Failure   Level
a - Animate Dead          Necr           87%        N/A       2%          4
b - Death Channel         Necr           43%        N/A       26%         6
c - Animate Armour        Summ/Erth      100%       N/A       22%         4

Your spell library contained the following spells:

 Spells                   Type           Power      Damage    Failure   Level
 Sublimation of Blood     Necr           87%        N/A       1%          2
 Call Imp                 Summ           70%        N/A       3%          2
 Cigotuvi's Dreadful Rot  Necr/Pois/Air  100%       N/A       16%         2
 Anguish                  Hex/Necr       30%        N/A       34%         4
 Stone Arrow              Conj/Erth      86%        3d12      41%         3
 Beastly Appendage        Tmut           32%        N/A       58%         1
 Freeze                   Ice            64%        1d8       58%         1
 Magic Dart               Conj           64%        1d6       58%         1
 Sting                    Tmut/Pois      64%        1d6       58%         1
 Lee's Rapid Deconstruct  Erth           31%        3d17*     61%         5
 Poisonous Vapours        Pois/Air       32%        N/A       73%         2
 Searing Ray              Conj           32%        2d5       73%         2
 Wereblood                Tmut           16%        N/A       73%         2
 Petrify                  Tmut/Erth      43%        N/A       80%         4
 Frozen Ramparts          Ice            32%        1d5       90%         3
 Kindle Blastsparks       Fire/Tloc/Air  32%        2d12      90%         3
 Mephitic Cloud           Conj/Pois/Air  16%        N/A       90%         3
 Ozocubu's Armour         Ice            16%        N/A       90%         3
 Spider Form              Tmut/Pois      16%        N/A       90%         3
 Tukima's Dance           Hex            16%        N/A       90%         3
 Haunt                    Necr/Summ      39%        N/A       98%         7
 Simulacrum               Ice/Necr       30%        N/A       99%         6
 Cause Fear               Hex            8%         N/A       100%        4
 Fulminant Prism          Conj/Hex       8%         3d7       100%        4
 Hailstorm                Conj/Ice       16%        3d6       100%        4
 Ice Form                 Ice/Tmut       16%        N/A       100%        4
 Iskenderun's Mystic Bla  Conj/Tloc      16%        2d5       100%        4
 Olgreb's Toxic Radiance  Pois           16%        N/A       100%        4
 Passage of Golubria      Tloc           16%        N/A       100%        4
 Blade Hands              Tmut           8%         N/A       100%        5
 Fireball                 Conj/Fire      8%         3d6       100%        5
 Irradiate                Conj/Tmut      8%         3d14      100%        5
 Iskenderun's Battlesphe  Conj           16%        2d7       100%        5
 Metabolic Englaciation   Hex/Ice        8%         N/A       100%        5
 Yara's Violent Unravell  Hex/Tmut       8%         3d5       100%        5
 Conjure Ball Lightning   Conj/Air       8%         3x3d6     100%        6
 Dispersal                Tloc           8%         N/A       100%        6
 Starburst                Conj/Fire      8%         6d4       100%        6
 Statue Form              Tmut/Erth      28%        N/A       100%        6
 Dragon Form              Tmut           8%         N/A       100%        7
 Enfeeble                 Hex            8%         N/A       100%        7
 Malign Gateway           Summ/Tloc      24%        N/A       100%        7
 Orb of Destruction       Conj           8%         9d6       100%        7
 Ozocubu's Refrigeration  Ice            8%         4d9       100%        7
 Summon Hydra             Summ           35%        N/A       100%        7
 Disjunction              Tloc           8%         N/A       100%        8
 Ignition                 Fire           8%         3d5       100%        8
 Infestation              Necr           43%        N/A       100%        8
 Lehudib's Crystal Spear  Conj/Erth      21%        10d6      100%        8
 Necromutation            Tmut/Necr      30%        N/A       100%        8
 Summon Horrible Things   Summ           35%        N/A       100%        8
 Death's Door             Necr           43%        N/A       100%        9
 Dragon's Call            Summ           35%        N/A       100%        9
 Polar Vortex             Ice            8%         N/A       100%        9


Dungeon Overview and Level Annotations

Branches:
Dungeon (15/15) Zot: 24330  Temple (0/1) D:5            Lair (5/5) D:8 Zot: 25417
 Shoals (4/4) Lair:2 Zot: 19745  Spider (4/4) Lair:3 Zot: 20469   Slime (0/5) Lair:4
    Orc (2/2) D:11 Zot: 10848     Elf (0/3) Orc:2        Vaults (5/5) D:14 Zot: 24322
  Crypt (0/3) Vaults:2     Depths (4/4) D:15 Zot: 16808     Zot (0/5) Depths:4
  Sewer (visited)           IceCv (visited)         Volcano (visited)
Gauntlet (visited)

Shops:
D:4 *   D:5 =   Orc:2 :[:!   Shoals:1 *[*(   Vaults:3 *

Portals:
Hell: Depths:1 Depths:2 Depths:3 Depths:4
Abyss: Depths:1 Depths:3 Depths:4
Pandemonium: Depths:1 Depths:2
Ziggurat: Depths:3
Trove: Depths:4 (give +6 demon whip)

Annotations:
D:4 exclusion: ogre
D:10 exclusion: orange crystal statue
Depths:1 2 runed translucent doors


Innate Abilities, Weirdness & Mutations

You have an increased reservoir of magic. (+10% MP)
You shall have no god before yourself.
Your divine heritage dramatically boosts your attributes as you level up.
You have a pair of small horns on your head.
You have razor-sharp toenails.
Your spells are a little harder to cast, but a little more powerful.


Message History

Unknown command.
Unknown command.
Unknown command.
Unknown command.
Unknown command.
You feel your anger nearly subside.
You are no longer berserk.
You are exhausted.
You feel yourself slow down.
Unknown command.
As you read the scroll of teleportation, it crumbles to dust.
You feel strangely unstable. The tengu reaver casts a spell at you.
The bolt of fire misses you.
The yaktaur captain shoots a bolt.
You reflect the bolt off your +1 kite shield of reflection!
The bolt hits the yaktaur captain!!
Something bites your spectral storm dragon!!
Something claws your spectral storm dragon.
Something tramples your spectral storm dragon!
Your spectral storm dragon is shoved backwards!
A yaktaur comes into view.
The war gargoyle launches metal splinters at you.
The spray of metal splinters misses you.
The yaktaur captain shoots a bolt.
You reflect the bolt off your +1 kite shield of reflection!
The bolt hits the yaktaur captain!!!
Your spectral yaktaur captain hits the golden dragon!
You feel better.
The golden dragon bites your spectral titan but does no damage.
The golden dragon claws your spectral titan!
The golden dragon tramples your spectral titan but does no damage.
Your spectral titan hits the golden dragon!
Your spectral yaktaur captain hits the golden dragon.
The war gargoyle launches metal splinters at you.
The spray of metal splinters hits you!!
* * * LOW HITPOINT WARNING * * *
The spray of metal splinters hits your spectral storm dragon.
Your spectral golden dragon bites the golden dragon!
Your spectral golden dragon closely misses the golden dragon.
Your spectral golden dragon tramples the golden dragon.
The golden dragon holds its ground!
A yaktaur comes into view.
The golden dragon breathes cold at your spectral golden dragon.
The bolt of cold hits your spectral golden dragon!!
Your spectral golden dragon resists.
Your spectral titan hits the golden dragon.
Your spectral titan drains the golden dragon.
You hear a shout!
Blink to where?
Press: ? - help, Dir - move target
As you read the scroll of blinking, it crumbles to dust.
The golden dragon bites your spectral golden dragon but does no damage.
The golden dragon claws your spectral golden dragon.
The golden dragon tramples your spectral golden dragon but does no damage.
Your spectral golden dragon bites the golden dragon but does no damage.
Your spectral golden dragon completely misses the golden dragon.
Your spectral golden dragon tramples the golden dragon but does no damage.
Unknown command.
Your surroundings suddenly seem different.
A war gargoyle comes into view.
It is wielding a +2 morningstar of protection.
Found a robe, a long runed staff and a plate armour.
The shadow dragon breathes negative energy at you.
The bolt of negative energy misses you.
Unknown command.
Blink to where?
Press: ? - help, Dir - move target An ettin and a war gargoyle come into view.
The ettin is wielding a +0 dire flail and a +1 dire flail of holy wrath.
As you read the scroll of blinking, it crumbles to dust.
The golden dragon roars deafeningly!
The ettin shouts in stereo!
The golden dragon breathes poison at you.
The blast of poison engulfs you!
You are poisoned.
* * * LOW HITPOINT WARNING * * *
A tentacled monstrosity comes into view.
The war gargoyle launches metal splinters at you.
The spray of metal splinters hits you but does no damage.
Unknown command.
Okay, then.
Okay, then.
Unknown command.
Unknown command.
Okay, then.
Okay, then.
Unknown command.
Aiming: Thunderbolt
Press: ? - help, Shift-Dir - straight line
Okay, then.
Okay, then.
Throw: 22 javelins (silver)
Press: ? - help, Q - select action, (/) - cycle Shift-Dir - straight line, f - you Really target yourself?
Okay, then.
Throw: 22 javelins (silver)
Press: ? - help, Q - select action, (/) - cycle Shift-Dir - straight line, f - you Really target yourself?
That silver javelin is likely to hit you.
Continue anyway?
You throw a silver javelin. The silver javelin barely misses you.
You are engulfed in poison gas.
You are more poisoned.
You die...

##..##.# ...
#...#[[| ....
##..##.# .....
##..#'#......
#..u§..9....
##......D...#'
#☼☼○##.....##
#☼☼# ##....#
#@°# ....#
#○§○# .....#
#○C○.9..##....
D......## #...
..###### X...
.... #####


You could see a tentacled monstrosity, a golden dragon (catching breath), a cyan
very ugly thing, an ettin and a war gargoyle (catching breath).

Vanquished Creatures
  A juggernaut (Depths:3)
  2 caustic shrikes
  2 golden dragons
  the Enchantress (Depths:1)
  A bone dragon (Depths:4)
  2 tentacled monstrosities (Vaults:5)
  Rupert (D:12)
  Jorgrun (D:14)
  Asterion (Spider:1)
  A titan (Depths:3)
  A sphinx (Depths:3)
  Gastronok (Lair:2)
  2 tengu reavers
  2 draconian monks (Depths:4)
  A storm dragon (Shoals:4)
  Ilsuiw (Shoals:2)
  A daeva (Depths:2)
  3 emperor scorpions
  7 fire giants
  A draconian scorcher (Depths:4)
  Aizul (Shoals:1)
  An iron dragon (Depths:4)
  4 ghost moths
  7 frost giants
  11 vault wardens
  A curse skull (Vaults:2)
  Louise (D:15)
  3 spriggan defenders (Depths:1)
  A caustic shrike skeleton (Depths:1)
  18 ironbound preservers
  11 stone giants
  A war gargoyle (Vaults:5)
  12 very ugly things
  10 ironbound thunderhulks
  Nessos (D:13)
  A vampire knight (Depths:2)
  A black draconian (Depths:4)
  A minotaur (Gauntlet)
  A deep elf annihilator (Vaults:2)
  2 spark wasps
  5 entropy weavers
  A deep elf demonologist (Vaults:5)
  3 dire elephants
  An eidolon (Vaults:2)
  4 ettins
  8 merfolk impalers
  Josephine (Spider:1)
  9 fire dragons
  5 merfolk javelineers
  A great orb of eyes (Vaults:2)
  17 vault guards
  11 yaktaur captains
  8 ice dragons
  A spriggan zombie (Depths:1)
  3 rakshasas
  A catoblepas (Shoals:3)
  An ogre mage (D:15)
  2 ironbound frosthearts
  3 spriggan air magi (Depths:1)
  3 merfolk avatars
  5 boulder beetles
  3 hydras
  3 radroaches
  13 centaur warriors
  2 alligator snapping turtles
  A death knight (D:14)
  3 deep troll shamans
  9 merfolk aquamancers
  A satyr (shapeshifter) (Vaults:2)
  Urug (D:14)
  8 two-headed ogres
  9 deep troll earth magi
  A vampire mage (Depths:3)
  8 tengu warriors
  4 orc high priests (Orc:2)
  7 spriggan berserkers
  A deep elf knight (D:14)
  A fire crab (D:14)
  Sonja (D:13)
  A fire crab (shapeshifter) (D:15)
  7 skeletal warriors
  Amaemon (Lair:3)
  4 iron trolls
  3 orb spiders
  18 sea snakes
  Lodul (D:13)
  5 steelbarb worms
  2 pharaoh ants
  58 deep trolls
  2 glowing orange brains
  A flayed ghost (Depths:3)
  A death drake (Gauntlet)
  An orange crystal statue (Depths:1)
  5 wizards
  3 phantasmal warriors
  13 ironbound convokers
  6 nameless horrors
  2 deep elf pyromancers
  A frost giant zombie (Depths:1)
  9 lindwurms
  3 wolf spider zombies
  24 harpies
  23 wolf spiders
  4 necromancers
  A faun (shapeshifter) (Vaults:5)
  2 orc sorcerers (Orc:2)
  4 cyclopes
  17 manticores
  A stone giant zombie (Depths:1)
  3 salamanders (Volcano)
  A spectral centaur (Gauntlet)
  43 ugly things
  17 fauns
  A fire giant zombie (Depths:1)
  10 merfolk sirens
  11 vault sentinels
  2 centaur zombies (Gauntlet)
  A moth of wrath (Spider:2)
  9 black mambas
  Joseph (D:9)
  5 cane toads
  22 elephants
  11 water nymphs
  An ice statue (IceCv)
  An orange demon (Lair:3)
  A yaktaur zombie (Vaults:2)
  6 demonic crawlers
  3 gargoyles
  A torpor snail (Spider:3)
  2 kobold demonologists
  An unseen horror (shapeshifter) (D:15)
  A rime drake (shapeshifter) (D:13)
  3 efreet
  5 freezing wraiths
  36 yaktaurs
  Psyche (D:9)
  3 tengu conjurers
  The ghost of beholder the Conjurer, a novice OpHW (D:4)
  13 komodo dragons
  A rime drake (Lair:3)
  A redback zombie (Spider:4)
  2 anaconda simulacra (IceCv)
  A human skeleton (Vaults:3)
  The ghost of pretsel the Covered, an amateur MiFi (D:4)
  13 ice devils (IceCv)
  16 wind drakes
  4 trolls
  8 polar bears
  3 meliai (Spider:1)
  11 tarantellas
  31 merfolk
  The ghost of kagamino the Magician, an amateur MeTm (D:4)
  2 polar bears (shapeshifter) (Gauntlet)
  4 hornets
  10 blink frogs
  31 slime creatures
  9 dream sheep
  A blink frog (shapeshifter) (D:14)
  A frost giant simulacrum (Vaults:3)
  A jumping spider zombie (Spider:4)
  A culicivora zombie (Spider:4)
  7 air elementals (Shoals:4)
  8 snapping turtles
  15 culicivoras
  21 jumping spiders
  24 water elementals
  7 spriggans
  A shadow (D:9)
  Sigmund (D:5)
  12 wyverns
  4 fire bats (Volcano)
  11 wraiths
  2 hogs (D:14)
  8 basilisks
  6 vampire mosquitoes
  A dire elephant simulacrum (IceCv)
  10 yaks
  16 humans
  The ghost of p0werm0de the Chopper, an amateur MeCK of Xom (D:4)
  3 steam dragons
  8 death yak simulacra (IceCv)
  An elf skeleton (Vaults:3)
  26 redbacks
  A glowing shapeshifter zombie (Depths:1)
  2 harpy simulacra (IceCv)
  14 water moccasins
  An acid dragon (D:8)
  A hydra simulacrum (IceCv)
  A floating eye (D:14)
  A floating eye (shapeshifter) (Gauntlet)
  17 orc warriors
  A sky beast (D:7)
  7 black bears
  A meliai simulacrum (D:14)
  18 ogres
  An ice beast (D:8)
  5 wolves (Lair:4)
  25 centaurs
  8 kobold brigands
  9 bullfrogs
  3 small abominations (D:14)
  A necrophage (D:5)
  4 scorpions
  2 gnoll sergeants
  2 cane toad simulacra (IceCv)
  A two-headed ogre simulacrum (IceCv)
  17 wights
  6 killer bees (D:6)
  4 elephant simulacra (IceCv)
  4 electric eels
  4 howler monkeys (D:9)
  5 jellies
  3 gnoll boudas
  23 orc priests
  4 hounds
  Terence (D:3)
  Ijyb (D:5)
  24 orc wizards
  6 polar bear simulacra
  2 yak simulacra (Lair:3)
  A troll simulacrum (IceCv)
  A spriggan simulacrum (IceCv)
  8 wolf simulacra
  21 gnolls
  5 adders
  A naga simulacrum (IceCv)
  2 river rats (D:3)
  A shadow imp (D:6)
  15 white imps
  4 ufetubi
  2 worms
  3 dart slugs
  46 orcs
  7 ball pythons (D:3)
  5 bats (D:1)
  5 endoplasms
  2 giant cockroaches
  7 goblins
  6 hobgoblins
  3 jackals (D:2)
  29 kobolds
  2 quokkas
  5 frilled lizards
  5 rats
  A river rat simulacrum (Lair:3)
  A spectral hobgoblin (D:2)
1494 creatures vanquished.

Vanquished Creatures (collateral kills)
  3 juggernauts
  Boris (Vaults:5)
  Frederick (Depths:3)
  4 caustic shrikes
  2 golden dragons (Vaults:5)
  A lich (Vaults:2)
  A titan (Vaults:5)
  4 shadow dragons
  Agnes (Spider:1)
  3 storm dragons
  An emperor scorpion (Spider:2)
  3 vault wardens
  2 frost giants
  An iron dragon (Vaults:5)
  7 ironbound preservers
  A spriggan defender (Depths:3)
  A stone giant (Depths:1)
  10 very ugly things
  2 ironbound thunderhulks
  2 black draconians (Depths:4)
  A green draconian (Depths:4)
  2 dire elephants (Vaults:1)
  3 spark wasps
  A red draconian (Depths:4)
  A deep elf annihilator (Vaults:5)
  A yellow draconian (Depths:4)
  2 merfolk javelineers
  2 merfolk impalers (Shoals:4)
  An ettin (Vaults:2)
  3 fire dragons
  12 vault guards
  4 yaktaur captains
  4 ice dragons
  A rakshasa (Depths:3)
  An alligator snapping turtle (Shoals:4)
  A great orb of eyes (Vaults:3)
  A spriggan air mage (Depths:4)
  A satyr (Shoals:3)
  2 boulder beetles (Spider:3)
  A tengu warrior (Depths:3)
  3 deep troll shamans
  2 deep troll earth magi (Depths:4)
  4 spriggan berserkers
  A soul eater (Depths:1)
  9 iron trolls
  2 pharaoh ants
  2 sea snakes (Shoals:4)
  2 wizards
  5 orb spiders
  A flayed ghost (Depths:4)
  16 deep trolls
  2 lindwurms
  2 harpies
  5 ironbound convokers
  A necromancer (Depths:1)
  A wolf spider (shapeshifter) (Depths:3)
  A manticore (Shoals:4)
  A wolf spider (Spider:4)
  4 ugly things
  2 merfolk sirens (Shoals:4)
  4 vault sentinels
  A human skeleton (Vaults:3)
  2 demonic crawlers
  7 yaktaurs
  A freezing wraith (Vaults:2)
  2 merfolk
  3 tarantellas
  A hornet (Depths:1)
  2 slime creatures
  2 snapping turtles (Shoals:4)
  4 jumping spiders
  A spriggan (Depths:1)
  A fire bat (Volcano)
  5 water elementals
  3 redbacks
201 creatures vanquished.

Vanquished Creatures (others)
  A caustic shrike (Depths:4)
  Kirke (D:14)
  A storm dragon (Depths:3)
  A caustic shrike zombie (Depths:3)
  A juggernaut zombie (Depths:3)
  A very ugly thing (Vaults:5)
  8 very ugly thing zombies
  A merfolk aquamancer (Shoals:4)
  A spriggan berserker (Depths:3)
  A storm dragon zombie (Vaults:5)
  An emperor scorpion zombie (Spider:2)
  2 spark wasp zombies (Depths:3)
  A wizard (Depths:1)
  A shadow dragon zombie (Vaults:5)
  7 ugly thing zombies
  35 human zombies
  4 stone giant zombies
  2 fire giant zombies
  2 wolf spider zombies
  13 spriggan zombies
  4 redback zombies
  7 merfolk zombies (Shoals:4)
  An iron troll zombie (Vaults:5)
  A komodo dragon (Volcano)
  An orb spider zombie (Spider:2)
  2 sea snake zombies (Shoals:4)
  A demonic crawler zombie (Spider:1)
  7 harpy zombies
  4 tarantella zombies
  2 ettin zombies
  3 ice dragon zombies
  3 culicivora zombies (Spider:2)
  An elf zombie (Vaults:5)
  A wind drake zombie (Shoals:4)
  3 slime creature zombies
  A human (D:14)
  A water nymph zombie (Shoals:4)
  17 deep troll zombies
  A faun zombie (Vaults:5)
  4 tengu zombies
  A snapping turtle zombie (Shoals:4)
  3 hornet zombies
  A dream sheep zombie (Shoals:4)
  2 lindwurm zombies (Vaults:3)
  An ogre (D:14)
  15 yaktaur zombies
  An orc wizard (Orc:2)
  A ball python (D:9)
  70 fungi
  164 plants
  3 withered plants
412 creatures vanquished.

Grand Total: 2107 creatures vanquished

Notes
Turn   | Place    | Note
-------+----------+-------------------------------------------
     0 | D:5      | Flugkiller the Demigod Delver began the quest for the Orb.
     0 | D:5      | Reached XP level 1. HP: 18/18 MP: 3/3
     7 | D:5      | Found a staircase to the Ecumenical Temple.
     7 | D:5      | Noticed Sigmund
    45 | D:5      | Noticed an orc wizard
   144 | D:4      | Noticed a hound
   162 | D:4      | Killed a hound
   163 | D:4      | Reached XP level 2. HP: 8/25 MP: 4/4
   389 | D:4      | Noticed a +0 short sword
   389 | D:4      | Noticed a +0 spear
   389 | D:4      | Noticed a +0 falchion
   389 | D:4      | Noticed a +0 dagger
   389 | D:4      | Noticed a +0 dagger
   389 | D:4      | Noticed a +0 falchion
   389 | D:4      | Noticed a +0 short sword
   389 | D:4      | Noticed a +0 spear
   491 | D:3      | Reached XP level 3. HP: 26/30 MP: 5/5
   680 | D:3      | Found a glowing drain.
   832 | Sewer    | Entered a sewer
   838 | Sewer    | Gained mutation: You are agile. (Dex +4, Str/Int -1)
                  | [potion of mutation]
   838 | Sewer    | Gained mutation: You have sharp toenails. [potion of
                  | mutation]
   838 | Sewer    | Gained mutation: You are frail. (-10% HP) [potion of
                  | mutation]
  2188 | D:2      | Reached XP level 4. HP: 31/33 MP: 6/6
  2521 | D:3      | Noticed Terence
  2583 | D:3      | Killed Terence
  3210 | D:4      | Found a runed translucent gate.
  3210 | D:4      | Found a runed translucent gate.
  3210 | D:4      | Found a runed translucent gate.
  3211 | D:4      | Noticed pretsel's ghost (amateur MiFi)
  3211 | D:4      | Noticed p0werm0de's ghost (amateur MeCK)
  3212 | D:4      | Noticed beholder's ghost (novice OpHW)
  3212 | D:4      | Noticed kagamino's ghost (amateur MeTm)
  3230 | D:4      | Found Huigomix's Assorted Antiques.
  3262 | D:4      | Noticed an ogre
  3896 | D:5      | Reached XP level 5. HP: 39/39 MP: 7/7
  3967 | D:4      | Lost mutation: You are frail. (-10% HP) [potion of
                  | mutation]
  3967 | D:4      | Lost mutation: You are agile. (Dex +4, Str/Int -1) [potion
                  | of mutation]
  3967 | D:4      | Gained mutation: Your muscles are strong. (Str +4, Int/Dex
                  | -1) [potion of mutation]
  3967 | D:4      | Gained mutation: You do not regenerate when monsters are
                  | visible. [potion of mutation]
  3967 | D:4      | Gained mutation: You are somewhat resistant to further
                  | mutation. [potion of mutation]
  3989 | D:5      | Killed Sigmund
  3990 | D:5      | Reached XP level 6. HP: 20/52 MP: 8/8
  4028 | D:5      | Found Paput's Jewellery Shoppe.
  4149 | D:5      | Reached skill level 5 in Dodging
  4366 | D:5      | Reached XP level 7. HP: 41/59 MP: 9/9
  4415 | D:5      | Noticed Ijyb
  4433 | D:5      | Killed Ijyb
  4745 | D:6      | Got the Commentary on the Wind and Charms
  5452 | D:6      | Reached XP level 8. HP: 65/66 MP: 10/10
  6087 | D:6      | Reached skill level 1 in Polearms
  6143 | D:7      | Reached skill level 1 in Evocations
  6466 | D:7      | Reached skill level 5 in Fighting
  6533 | D:7      | You fall into a shaft and drop 2 floors!
  6707 | D:9      | Reached XP level 9. HP: 69/74 MP: 11/11
  6774 | D:9      | Noticed Psyche
  6861 | D:9      | Killed Psyche
  7064 | D:8      | Found a staircase to the Lair.
  7254 | D:8      | Reached skill level 5 in Polearms
  7254 | D:8      | Reached skill level 5 in Evocations
  7511 | D:7      | Noticed a kobold demonologist
  7514 | D:7      | Killed a kobold demonologist
  7918 | D:8      | Noticed a komodo dragon
  7955 | D:8      | Killed a komodo dragon
  7956 | D:8      | Reached XP level 10. HP: 83/83 MP: 13/13
  9031 | D:9      | Noticed Joseph
  9079 | D:9      | Killed Joseph
  9327 | D:4      | Bought a runed demon trident for 450 gold pieces
  9468 | D:10     | Entered Level 10 of the Dungeon
  9483 | D:10     | Noticed a two-headed ogre
  9489 | D:10     | Killed a two-headed ogre
  9640 | D:10     | Noticed a two-headed ogre
  9649 | D:10     | Killed a two-headed ogre
  9663 | D:10     | Noticed an orange crystal statue
  9870 | D:4      | Killed p0werm0de's ghost
  9881 | D:4      | Killed beholder's ghost
  9911 | D:4      | Killed pretsel's ghost
  9912 | D:4      | Killed kagamino's ghost
  9939 | D:4      | Lost mutation: You are somewhat resistant to further
                  | mutation. [potion of mutation]
  9939 | D:4      | Lost mutation: You do not regenerate when monsters are
                  | visible. [potion of mutation]
  9939 | D:4      | Gained mutation: You sometimes lose your temper in combat.
                  | [potion of mutation]
  9939 | D:4      | Gained mutation: You are robust. (+10% HP) [potion of
                  | mutation]
  9939 | D:4      | Gained mutation: You are agile. (Dex +4, Str/Int -1)
                  | [potion of mutation]
 10256 | D:10     | Reached XP level 11. HP: 49/103 MP: 14/14
 10765 | D:11     | Found a staircase to the Orcish Mines.
 10803 | D:11     | Identified a scroll of acquirement
 10803 | D:11     | Acquired a manual of Polearms
 11079 | D:11     | Noticed a two-headed ogre
 11089 | D:11     | Killed a two-headed ogre
 11090 | D:11     | Reached skill level 10 in Dodging
 11160 | D:11     | Noticed a boulder beetle
 11180 | D:11     | Killed a boulder beetle
 11514 | Lair:1   | Entered Level 1 of the Lair of Beasts
 11531 | Lair:1   | Reached skill level 1 in Armour
 12186 | Lair:2   | Reached skill level 10 in Polearms
 12231 | Lair:2   | Noticed an eight-headed hydra
 12241 | Lair:2   | Killed an eight-headed hydra
 12431 | Lair:2   | Noticed Gastronok
 12444 | Lair:2   | Killed Gastronok
 12445 | Lair:2   | Reached XP level 12. HP: 113/115 MP: 15/15
 12557 | Lair:2   | Found a staircase to the Shoals.
 13050 | Lair:3   | Found a dark tunnel.
 13056 | Volcano  | Entered a volcano
 13143 | Volcano  | Reached skill level 10 in Fighting
 13162 | Volcano  | Reached skill level 5 in Armour
 13432 | Volcano  | Noticed a fire dragon
 13443 | Volcano  | Killed a fire dragon
 14067 | Lair:3   | Noticed Amaemon
 14084 | Lair:3   | Killed Amaemon
 14331 | Lair:3   | Found a hole to the Spider Nest.
 14356 | Lair:3   | Reached XP level 13. HP: 110/127 MP: 16/16
 14618 | Lair:4   | Identified the +2 cloak of Wusikkupp {Fly SInv}
 14772 | Lair:4   | Found a staircase to the Slime Pits.
 15065 | Lair:5   | Entered Level 5 of the Lair of Beasts
 15327 | Lair:5   | Reached skill level 10 in Armour
 15697 | Lair:5   | Acquired 668 gold pieces
 15718 | Lair:5   | Reached skill level 1 in Shields
 15731 | Lair:5   | Reached skill level 1 in Throwing
 16307 | D:12     | Noticed Rupert
 16322 | D:12     | Killed Rupert
 16841 | D:12     | Reached XP level 14. HP: 136/136 MP: 17/17
 17301 | D:13     | Noticed Nessos
 17309 | D:13     | Killed Nessos
 17364 | D:13     | Found a gate leading to a gauntlet.
 17372 | D:13     | Identified the +10 morningstar "Amuegier" {vorpal, rElec
                  | rF+}
 17377 | Gauntlet | Entered a Gauntlet
 17377 | Gauntlet | Found a transporter.
 17377 | Gauntlet | Found a transporter.
 17377 | Gauntlet | Found a transporter.
 17397 | Gauntlet | Found a transporter.
 17407 | Gauntlet | Found a transporter.
 17411 | Gauntlet | Found a transporter.
 17421 | Gauntlet | Found a transporter.
 17438 | Gauntlet | Found a large runed translucent door.
 17439 | Gauntlet | Found a large runed translucent door.
 17440 | Gauntlet | Found a large runed translucent door.
 17440 | Gauntlet | Found a large runed translucent door.
 17441 | Gauntlet | Found a runed translucent gate.
 17442 | Gauntlet | Found a large runed translucent door.
 17442 | Gauntlet | Found a large runed translucent door.
 17442 | Gauntlet | Found a runed translucent door.
 17443 | Gauntlet | Found a large runed translucent door.
 17444 | Gauntlet | Found a large runed translucent door.
 17450 | Gauntlet | Found a transporter.
 17467 | Gauntlet | Found a transporter.
 17467 | Gauntlet | Found a transporter.
 17512 | Gauntlet | Found a transporter.
 17514 | Gauntlet | Found a large runed translucent door.
 17515 | Gauntlet | Found a large runed translucent door.
 17516 | Gauntlet | Found a large runed translucent door.
 17516 | Gauntlet | Found a large runed translucent door.
 17516 | Gauntlet | Found a runed translucent door.
 17517 | Gauntlet | Found a large runed translucent door.
 17518 | Gauntlet | Found a large runed translucent door.
 17519 | Gauntlet | Found a large runed translucent door.
 17519 | Gauntlet | Found a large runed translucent door.
 17520 | Gauntlet | Found a runed translucent gate.
 17520 | Gauntlet | Found a runed translucent gate.
 17522 | Gauntlet | Found a transporter.
 17672 | Gauntlet | Identified the +2 pair of gloves of the Tuna {+Blink rF+
                  | rCorr}
 18415 | D:13     | Noticed Sonja
 18431 | D:13     | Killed Sonja
 18716 | D:14     | Noticed Urug
 18716 | D:14     | Noticed Lodul
 18716 | D:14     | Found a gate to the Vaults.
 18875 | D:13     | Killed Lodul
 18937 | D:14     | Killed Urug
 19081 | D:14     | Noticed Jorgrun
 19143 | D:14     | Noticed Kirke
 19169 | D:14     | Noticed a sphinx
 19170 | D:14     | Killed Kirke
 19361 | D:14     | Killed Jorgrun
 19533 | D:14     | Paralysed by a floating eye for 3 turns
 19538 | D:14     | Reached XP level 15. HP: 145/145 MP: 18/18
 19561 | D:14     | Reached skill level 5 in Shields
 19674 | D:14     | Reached skill level 5 in Throwing
 19695 | D:14     | Got Ereshkigal's Secrets of the Dead
 19893 | D:15     | Entered Level 15 of the Dungeon
 20091 | D:15     | Noticed Louise
 20096 | Abyss:3  | Cast into level 3 of the Abyss (Louise)
 20104 | D:15     | Escaped the Abyss
 20107 | D:15     | lol
 20114 | D:15     | Killed Louise
 20433 | D:15     | Identified the +3 ring mail of Awe {rCorr Str+2}
 20908 | D:15     | Found a staircase to the Depths.
 21095 | Orc:1    | Entered Level 1 of the Orcish Mines
 21248 | Orc:2    | Entered Level 2 of the Orcish Mines
 21248 | Orc:2    | Found a staircase to the Elven Halls.
 21406 | Orc:2    | Found a frozen archway.
 21431 | IceCv    | Entered an ice cave
 22626 | Orc:2    | Found Isoukon's Book Boutique.
 22626 | Orc:2    | Found Kyaky's Book Shop.
 22627 | Orc:2    | Found Lom Xeh's Armour Shop.
 22631 | Orc:2    | Found Ymyul's Distillery.
 22635 | Orc:2    | Bought 2 potions of heal wounds for 140 gold pieces
 22635 | Orc:2    | Bought 2 potions of haste for 280 gold pieces
 23082 | Shoals:1 | Entered Level 1 of the Shoals
 23103 | Shoals:1 | Reached skill level 1 in Necromancy
 23418 | Shoals:1 | Reached XP level 16. HP: 104/157 MP: 19/19
 23633 | Shoals:1 | Reached skill level 5 in Necromancy
 23753 | Shoals:1 | Found Louk's Visitors' Centre.
 23754 | Shoals:1 | Found Louk's Merfolk Magic.
 23790 | Shoals:1 | Found Louk's Merfolk Armours.
 23795 | Shoals:1 | Found Louk's Merfolk Weapons.
 23966 | Shoals:1 | Noticed Aizul
 24002 | Shoals:1 | Killed Aizul
 24620 | Shoals:2 | Noticed Ilsuiw
 24642 | Shoals:2 | Killed Ilsuiw
 25644 | Shoals:3 | Reached skill level 10 in Necromancy
 26027 | Shoals:3 | Reached skill level 15 in Fighting
 26082 | Shoals:3 | Reached skill level 1 in Spellcasting
 26230 | Shoals:4 | Entered Level 4 of the Shoals
 26241 | Shoals:4 | Lost mutation: You are robust. (+10% HP) [potion of
                  | mutation]
 26241 | Shoals:4 | Lost mutation: Your muscles are strong. (Str +4, Int/Dex
                  | -1) [potion of mutation]
 26241 | Shoals:4 | Lost mutation: You are agile. (Dex +4, Str/Int -1) [potion
                  | of mutation]
 26241 | Shoals:4 | Gained mutation: You occasionally shout uncontrollably at
                  | your foes. [potion of mutation]
 26242 | Shoals:4 | Lost mutation: You sometimes lose your temper in combat.
                  | [potion of mutation]
 26242 | Shoals:4 | Lost mutation: You occasionally shout uncontrollably at
                  | your foes. [potion of mutation]
 26242 | Shoals:4 | Gained mutation: You have a pair of small horns on your
                  | head. [potion of mutation]
 26242 | Shoals:4 | Gained mutation: Your spells are a little harder to cast,
                  | but a little more powerful. [potion of mutation]
 26242 | Shoals:4 | Gained mutation: You have razor-sharp toenails. [potion of
                  | mutation]
 26272 | Shoals:4 | Learned a level 4 spell: Animate Dead
 26496 | Shoals:4 | Got a barnacled rune of Zot
 26497 | Shoals:4 | Identified the +2 spear of Gehenna {antimagic, rElec Will+
                  | Str+2}
 26548 | Shoals:4 | Paralysed by an air elemental for 1 turns
 26553 | Shoals:4 | Paralysed by an air elemental for 1 turns
 26556 | Shoals:4 | Reached XP level 17. HP: 152/156 MP: 26/26
 26871 | Shoals:4 | Paralysed by an air elemental for 1 turns
 26877 | Shoals:4 | Paralysed by an air elemental for 1 turns
 26991 | Shoals:4 | Reached skill level 5 in Spellcasting
 27013 | Shoals:4 | Paralysed by an air elemental for 1 turns
 27175 | Shoals:4 | Paralysed by an air elemental for 1 turns
 27328 | Shoals:4 | Identified the +1 plate armour of Poor Excuses {Str+3}
 27482 | Spider:1 | Entered Level 1 of the Spider Nest
 27661 | D:5      | Bought a ring of poison resistance for 300 gold pieces
 27973 | Spider:1 | Noticed Asterion
 27974 | Spider:1 | Noticed Agnes
 27981 | Spider:1 | Killed Agnes
 27996 | Spider:1 | Killed Asterion
 28120 | Spider:1 | Noticed Josephine
 28135 | Spider:1 | Killed Josephine
 29139 | Spider:2 | Reached skill level 10 in Shields
 29452 | Spider:2 | Identified the -2 robe "Wyxtuulos" {Dex+4}
 29454 | Spider:2 | Identified the +2 pair of gloves of the Buccaneer {Stlth+}
 29535 | Spider:3 | Identified the +9 dagger of Generosity {vorpal, *Rage rElec
                  | Int+7 SInv}
 30199 | Spider:4 | Entered Level 4 of the Spider Nest
 30876 | Spider:4 | Got a gossamer rune of Zot
 31382 | Spider:4 | Reached XP level 18. HP: 144/163 MP: 30/30
 31794 | Vaults:1 | Entered Level 1 of the Vaults
 32878 | Vaults:1 | Reached skill level 15 in Shields
 32931 | Vaults:1 | Learned a level 6 spell: Death Channel
 33114 | Vaults:2 | Found a staircase to the Crypt.
 33501 | Vaults:2 | You are sucked into a shaft and drop 2 floors!
 34787 | Vaults:3 | Reached XP level 19. HP: 139/170 MP: 31/33
 34887 | Vaults:3 | Found Orowacol's Assorted Antiques.
 34972 | Vaults:3 | Bought a scroll of teleportation for 75 gold pieces
 34972 | Vaults:3 | Bought a potion of heal wounds for 125 gold pieces
 34972 | Vaults:3 | Bought a fizzy coppery potion for 22 gold pieces
 37494 | Depths:1 | Entered Level 1 of the Depths
 37505 | Depths:1 | Noticed the Enchantress
 37777 | Depths:1 | Found a gateway to Hell.
 38046 | Depths:1 | Learned a level 4 spell: Animate Armour
 38100 | Depths:1 | Reached skill level 1 in Summonings
 38100 | Depths:1 | Reached skill level 1 in Earth Magic
 38115 | Depths:1 | Killed the Enchantress
 38116 | Depths:1 | Reached XP level 20. HP: 135/178 MP: 37/37
 38713 | Depths:1 | Found a large runed translucent door.
 38713 | Depths:1 | Found a large runed translucent door.
 38756 | Depths:1 | HP: 4/178 [fire dragon/blast of flame (6)]
 39564 | Depths:1 | Found a one-way gate leading to the halls of Pandemonium.
 39747 | Depths:1 | Found a one-way gate to the infinite horrors of the Abyss.
 40513 | Depths:2 | Identified the +6 morningstar of Jaitrunau {drain, Str+4
                  | Int-2}
 41176 | Depths:3 | Reached skill level 5 in Summonings
 41176 | Depths:3 | Reached skill level 5 in Earth Magic
 41181 | Depths:3 | Noticed a golden dragon
 41198 | Depths:2 | Killed a golden dragon
 41776 | Depths:3 | Found a one-way gateway to a ziggurat.
 42082 | Depths:3 | Noticed Frederick
 42100 | Depths:3 | Killed Frederick
 42129 | Depths:3 | Noticed a juggernaut
 42141 | Depths:3 | Noticed a golden dragon
 42146 | Depths:3 | Killed a juggernaut
 42147 | Depths:3 | Reached skill level 10 in Spellcasting
 42164 | Depths:3 | Killed a golden dragon
 42506 | Depths:3 | Noticed a juggernaut
 42506 | Depths:3 | Noticed a caustic shrike
 42517 | Depths:3 | Noticed a caustic shrike
 42517 | Depths:3 | Killed a juggernaut
 42535 | Depths:3 | Killed a caustic shrike
 42565 | Depths:3 | Killed a caustic shrike
 43019 | Depths:3 | Reached XP level 21. HP: 91/184 MP: 35/40
 43594 | Shoals:1 | Bought a ring of the Octopus King {HP+2 AC+2 EV+2 SH+2
                  | SInv} for 873 gold pieces
 43594 | Shoals:1 | Found the ring of the Octopus King {HP+2 AC+2 EV+2 SH+2
                  | SInv}
 44208 | Depths:4 | Entered Level 4 of the Depths
 44264 | Depths:4 | Noticed a juggernaut
 44314 | Depths:4 | Killed a juggernaut
 44783 | Depths:4 | Identified the +4 quarterstaff "Wolutuiq" {drain, rF+
                  | Int+2}
 44784 | Depths:4 | Noticed a caustic shrike
 44784 | Depths:4 | Noticed a caustic shrike
 44799 | Depths:4 | Killed a caustic shrike
 45468 | Depths:4 | Found a portal to a secret trove of treasure.
 45491 | Depths:4 | Noticed a caustic shrike
 45492 | Depths:4 | Noticed a caustic shrike
 45494 | Depths:4 | Noticed a caustic shrike
 45500 | Depths:4 | Killed a caustic shrike
 45501 | Depths:4 | Reached skill level 15 in Dodging
 45504 | Depths:4 | Killed a caustic shrike
 45504 | Depths:4 | Noticed a juggernaut
 45511 | Depths:4 | Killed a juggernaut
 45512 | Depths:4 | Reached skill level 15 in Armour
 45535 | Depths:4 | Killed a caustic shrike
 45919 | Depths:4 | Found a gate to the Realm of Zot.
 46540 | Vaults:5 | Entered Level 5 of the Vaults
 46580 | Vaults:5 | HP: 7/151 [shadow dragon/bolt of negative energy (11)]
 46619 | Vaults:5 | Noticed a golden dragon
 46636 | Vaults:5 | Killed a golden dragon
 46653 | Vaults:5 | Noticed Boris
 46682 | Vaults:5 | Killed Boris
 46745 | Vaults:5 | Noticed a golden dragon
 46754 | Vaults:5 | Noticed a golden dragon
 46831 | Vaults:5 | Identified the +10 chain mail "Viefe" {Str+4}
 46834 | Vaults:5 | Got The Lost Atlas of Sif Muna
 46837 | Vaults:5 | Got a silver rune of Zot
 46958 | Vaults:5 | Noticed a golden dragon
 46968 | Vaults:5 | Killed a golden dragon
 46969 | Vaults:5 | Reached skill level 15 in Necromancy
 46990 | Vaults:5 | HP: 9/189 [war gargoyle/spray of metal splinters (22)]
 46993 | Vaults:5 | HP: 3/189 [golden dragon/blast of poison (12)]
 46994 | Vaults:5 | Engulfed by a golden dragon's poison gas

Illustrated notes

#.# ... #.. #.# #.## #.#
#. #[# ..# #.# #.
#.######.#.# #.#
#.######.##....# #.##.#
#......#.##.#.## ##...#
#..##.......##.###.##..
#..#........###.#.###.#
######..#..@#.##.####.##
#..
......§§@...#......####
###
##.#.#§##...####.#.###
#. #............# ..
..#.####.....# ##.#.##.#
#.....# .@#. #.# #.....#
.... ..# #.....# #.#.
#######


Turn 20107 on D:15: lol

Levels and vault maps discovered:
D:1:      dpeg_arrival_tiny_h, layout_basic, feat_on_display
D:2:      layout_basic, dreamdust_ecumenical_altar_drowned_temple
D:3:      layout_rooms, cheibrodos_sewer_entry_drain, uniq_terence
D:4:      kennysheep_spiral_hall, layout_basic, nicolae_uskayaw_en_pointe,
          serial_shops, nicolae_shop_behind_doors, gammafunk_ghost_cemetery
D:5:      layout_rooms, minmay_temple_entry_wispy, serial_shops, shop,
          uniq_sigmund, uniq_crazy_yiuf_cottage, uniq_ijyb
D:6:      layout_basic, nicolae_overflow_crystal_walls
D:7:      layout_basic
D:8:      layout_loops_corners, due_lair_maze_entry_diamond
D:9:      layout_roguey, nicolae_overflow_hidden_temple, uniq_joseph,
          uniq_psyche
D:10:     layout_small_grid, minivault_16, hangedman_decor_diamond_cutter
D:11:     layout_loops_cross, orc_0_dummy, grunt_decor_mini_mirrors,
          minivault_14
D:12:     layout_grid_maze, uniq_rupert
D:13:     layout_loops_corners, serial_rivers, chequers_serial_rivers_micro_a,
          chequers_serial_rivers_micro_e, chequers_serial_rivers_micro_a,
          chequers_serial_rivers_micro_c, chequers_serial_rivers_room_b,
          chequers_serial_rivers_small_3, gauntlet_entry_generic, uniq_nessos,
          uniq_sonja
D:14:     cheibrodos_hippocracy, layout_rooms, david_vaults_3,
          nicolae_hepliaklqana_hazy_memory, uniq_lodul, uniq_kirke, uniq_jorgrun
D:15:     hangedman_depths_entry_try_elsewhere_first, layout_loops_cross,
          xom_teletrap_fun, minmay_shattered_shrine, uniq_louise
Lair:1:   layout_misc_corridors, nicolae_quartered_pool_impasse
Lair:2:   beast_lair_carwin_large_3, layout_chaotic_city,
          minmay_shoals_entry_hut, minmay_stone_trees_medium, uniq_gastronok,
          uniq_urug
Lair:3:   layout_roguey, spider_nest_entry_funnel_web,
          nicolae_volcano_entry_s_turn, eino_house_with_fridge, uniq_amaemon
Lair:4:   layout_misc_corridors, minmay_slime_entry_pillars
Lair:5:   gammafunk_lair_ancient_temple, layout_misc_corridors
Shoals:1: nicolae_shoals_mermall, layout_shoals, uniq_aizul
Shoals:2: layout_shoals, nicolae_shoals_water_shrine, uniq_ilsuiw
Shoals:3: layout_shoals, argonaut_gorgonesque
Shoals:4: shoals_end_hellmonk_storm_palace [storm_palace_center_ruins,
          storm_palace_corner_altar, storm_palace_corner_pillars,
          storm_palace_corner_reverse_hut, storm_palace_corner_grid]
Spider:1: layout_cave_pods, uniq_josephine, uniq_agnes, uniq_asterion
Spider:2: layout_spider_delve, hellmonk_motheaten_closet
Spider:3: layout_cave_pods
Spider:4: grunt_spider_rune_parallel
Orc:1:    layout_caves, serial_shops, shop_statue
Orc:2:    st_orc_mages, layout_caves, portal_ice_cave_entry_imps
Vaults:1: grunt_vaults_trifunnel, ontoclasm_vaults_pinch, hangedman_vaults_trim,
          v_misc_3, vaults_mumra_chevron_long, v_misc_27,
          layout_vaults_maze_snakey
Vaults:2: dpeg_vaults_monster_row, minmay_crypt_entry_simple_plaza, v_misc_31,
          v_misc_16, v_rooms_1, nicolae_vaults_gold_heap,
          ontoclasm_vaults_ring_square, vaults_mumra_chevron,
          ontoclasm_vaults_spin, vaults_room_corners, vaults_mumra_hex,
          grunt_vaults_focal, serial_ice_b, ontoclasm_vaults_loading_screen,
          layout_vaults_big_cross
Vaults:3: hangedman_vaults_nails, nicolae_vaults_mini_display_case,
          vaults_room_semicircle, hangedman_vaults_trim,
          hangedman_vaults_river_flow, vaults_dpeg_doors, v_misc_14,
          vaults_room_guarded_vault, vaults_mumra_minichess, v_misc_1,
          vaults_room_stairs_pillars, ontoclasm_vaults_decontamination,
          layout_vaults_chaotic_city, serial_shops, nicolae_diamond_shop
Vaults:4: v_misc_27, v_misc_27, hangedman_vaults_trim,
          nicolae_vaults_network_quinsquares
          [nicolae_vaults_network_quincunx_subvault,
          nicolae_vaults_network_quincunx_subvault,
          nicolae_vaults_network_quincunx_subvault,
          nicolae_vaults_network_quincunx_subvault], nicolae_vaults_network_s,
          layout_vaults_omnigrid
Vaults:5: serial_shops, uniq_boris
Depths:1: lightli_eight_chambers, layout_cave_shapes, lemuel_blue_sif_altar,
          hell_entry, rand_demon_pan_entry_1, abyss_entry_small_statue_room,
          dpeg_stationary_puzzle, uniq_enchantress
Depths:2: abrahamwl_protected_by_tso_3, layout_gridlike,
          infiniplex_staircase_pillars_2, pf_hell_entry_great_geh, pan_entry,
          kennysheep_generic_room_3
Depths:3: nzn_winding_woodlands_stair_trap
          [nzn_winding_woodlands_5x15_split_checker,
          nzn_winding_woodlands_5x15_pool, nzn_winding_woodlands_5x15_crooked,
          nzn_winding_woodlands_15x15_thick_spiral,
          nzn_winding_woodlands_5x15_pathside_ponds,
          nzn_winding_woodlands_5x15_parted, nzn_winding_woodlands_5x15_twine],
          layout_gridlike, enter_ziggurat_e, abyss_entry, hell_entry,
          minmay_holes, uniq_frederick
Depths:4: grunt_zot_entry_pinwheel, layout_basic, marbit_kobold_abyss_entry,
          enter_trove_6, pf_coc_iceberg, serial_bayou_shore_b

Skill      XL: |  1  2  3  4  5  6  7  8  9 10 11 12 13 14 15 16 17 18 19 20 21 |
---------------+----------------------------------------------------------------+-----
Unarmed Combat | 3 4 |  4.1
Dodging        | 2 3 4 5 8 9 10 11 12 13 14 15 | 15.6
Fighting       | 3 4 5 6 7 9 11 12 13 15 | 15.8
Polearms       | 3 6 8 10 13 14 | 14.0
Evocations     | 3 6 7 9 |  9.0
Armour         | 3 7 11 12 13 14 15 | 15.5
Shields        | 1 4 6 12 15 | 15.0
Throwing       | 1 4 6 |  6.4
Necromancy     | 4 11 12 14 15 | 15.0
Spellcasting   | 3 5 6 8 10 | 10.0
Summonings     | 1 8 9 |  9.7
Earth Magic    | 1 7 8 |  8.0
Stealth        | |  4.5

Action                   |  1- 3 |  4- 6 |  7- 9 | 10-12 | 13-15 | 16-18 | 19-21 || total
-------------------------+-------+-------+-------+-------+-------+-------+-------++-------
Melee: Unarmed           |   141 |   183 |   214 |       |       |       |       ||   538
       Punch             |     2 |       |       |       |       |       |       ||     2
       Kick              |    22 |    57 |   158 |    71 |       |       |       ||   308
       Trident           |       |       |   298 |   150 |       |       |       ||   448
       Demon trident     |       |       |       |   588 |  1802 |  1917 |  1817 ||  6124
       Headbutt          |       |       |       |       |       |   333 |   551 ||   884
Throw: Dart              |       |       |     2 |       |       |       |       ||     2
       Javelin           |       |       |       |       |       |       |     1 ||     1
 Cast: Animate Dead      |       |       |       |       |       |    28 |    23 ||    51
       Animate Armour    |       |       |       |       |       |       |    43 ||    43
       Death Channel     |       |       |       |       |       |       |     9 ||     9
Evoke: Wand              |       |       |    11 |    10 |     1 |    14 |    40 ||    76
       Condenser vane    |       |       |       |       |     2 |     7 |     8 ||    17
       Phantom mirror    |       |       |       |       |       |     3 |     6 ||     9
       Box of beasts     |       |       |       |       |       |       |     1 ||     1
  Use: Potion            |     3 |     1 |     3 |     5 |     3 |     7 |    23 ||    45
       Scroll            |     1 |     3 |     9 |    10 |     9 |     6 |    24 ||    62
 Stab: Sleeping          |    13 |     7 |     9 |    14 |       |       |       ||    43
       Distracted        |     1 |       |     1 |     1 |       |    21 |    31 ||    55
       Invisible         |       |       |       |       |       |       |     3 ||     3
Armor: Leather armour    |    21 |    20 |    29 |       |       |       |       ||    70
       Skin              |       |       |    20 |       |       |       |       ||    20
       Troll leather arm |       |       |     9 |    96 |       |       |       ||   105
       Plate armour      |       |       |       |    21 |   523 |   664 |   568 ||  1776
Dodge: Dodged            |    76 |   130 |   339 |   573 |  1004 |   892 |   738 ||  3752
Block: Buckler           |     5 |    56 |   118 |   214 |   537 |   662 |   474 ||  2066
       Kite shield       |       |       |       |       |       |       |   189 ||   189
       Reflection        |       |       |       |       |       |       |    11 ||    11

Table legend: (Time is in decaauts)
 A = Elapsed time spent in this place.
 B = Non-inter-level travel time spent in this place.
 C = Inter-level travel time spent in this place.
 D = Time resting spent in this place.
 E = Time spent auto-exploring this place.
 F = Levels seen in this place.
 G = Mean time per level.
                   A        B        C        D        E       F      G
               +--------+--------+--------+--------+--------+-----+--------+
         Total |  45372 |  40597 |   4775 |   6149 |  21961 |  44 | 1031.2 |
       Dungeon |  17481 |  14678 |   2803 |   2117 |   8350 |  15 | 1165.4 |
          Lair |   4582 |   3895 |    687 |    432 |   2427 |   5 |  916.4 |
        Shoals |   4254 |   3929 |    325 |    600 |   1977 |   4 | 1063.5 |
   Spider Nest |   3530 |   3375 |    155 |    630 |   1905 |   4 |  882.5 |
  Orcish Mines |   1151 |   1040 |    111 |     84 |    621 |   2 |  575.5 |
        Vaults |   5677 |   5297 |    380 |    507 |   3085 |   5 | 1135.4 |
        Depths |   7192 |   6880 |    312 |   1628 |   3078 |   4 | 1798.0 |
         Abyss |      7 |      7 |      0 |      0 |      0 |   1 |    7.0 |
         Sewer |     21 |     21 |      0 |      0 |      0 |   1 |   21.0 |
      Ice Cave |    626 |    626 |      0 |     32 |    292 |   1 |  626.0 |
       Volcano |    427 |    427 |      0 |    105 |     88 |   1 |  427.0 |
      Gauntlet |    417 |    417 |      0 |     10 |    137 |   1 |  417.0 |
               +--------+--------+--------+--------+--------+-----+--------+

Top non-repeatable levels by time:
     D:6: 2122 daAuts
Depths:1: 1972 daAuts
Depths:3: 1966 daAuts
Depths:4: 1658 daAuts
Depths:2: 1594 daAuts
     D:8: 1562 daAuts
    D:15: 1524 daAuts
Vaults:3: 1479 daAuts
     D:4: 1475 daAuts
Vaults:2: 1473 daAuts
Shoals:1: 1352 daAuts
    D:12: 1252 daAuts
    D:13: 1237 daAuts
Spider:4: 1233 daAuts
Vaults:4: 1231 daAuts
